AoeStats
← Rodrigo Seminario

Nomad

503717579Analyzed
1v1 RM · 29d ago on Sep 2, 2026· 29m 11s· 2 players
Game mode
Random Map
Map size
126×126
Population
200
Speed
Normal
Resources
Standard
Victory
Conquest
Starting age
Dark Age
Ending age
Imperial Age
RankedLock teamsTeams togetherTeam positionsShared explorationLock speedFull tech treeHidden civsTurbo modeCheats
Victory
Defeat
🇨🇳 Mongols · China
1109
+15
🇵🇪 Japanese · Peru
1087
-15
Rodrigo Seminario
5:27 Loom
13:12 Feudal Age
14:03 Double-Bit Axe
14:33 Man-at-Arms
16:47 Town Watch
21:37 Castle Age
23:37 Wheelbarrow
24:55 Elite Skirmisher
26:03 Fletching
26:14 Padded Archer Armor
28:25 Bodkin Arrow
世一上、
12:14 Feudal Age
18:01 Castle Age
17:02 Double-Bit Axe
18:02 Gold Mining
19:09 Bow Saw
18:59 Fletching
25:09 Loom
27:15 Bodkin Arrow
28:14 Padded Archer Armor
29:52 Bloodlines
Connection lost

Rejoining the realm…

Still unreachable

The connection could not be restored.

Session expired

The server has moved on; the page needs a fresh start.